 Dungeon Crawl Stone Soup version 0.29-a0-506-ga2e7fffb44 (webtiles) character file.

Game seed: 1195358772016488869

25 RustandSilver the Skirmisher (level 2, -4/25 HPs)
             Began as a Palentonga Berserker on May 28, 2022.
             Was a Follower of Trog.
             Slain by a gnoll
             ... wielding a +0 club
              (7 damage)
             ... on level 2 of the Dungeon on May 29, 2022.
             The game lasted 00:05:45 (892 turns).

RustandSilver the Skirmisher (Palentonga Berserker)  Turns: 892, Time: 00:05:50

Health: -4/25      AC:  4    Str: 20    XL:     2   Next: 86%
Magic:  2/2        EV:  9    Int:  7    God:    Trog [*.....]
Gold:   52         SH:  0    Dex:  9    Spells: 1/1 levels left

rFire   . . .      SeeInvis +     - Unarmed
rCold   . . .      Faith    .   (no shield)
rNeg    . . .      Spirit   .   a - +0 animal skin
rPois   .          Reflect  .   (no helmet)
rElec   .          Harm     .   (no cloak)
rCorr   .          Rampage  .   (no gloves)
Will    .....                   (no barding)
Stlth   +.........              (no amulet)
HPRegen 0.08/turn               (no ring)
MPRegen 0.08/turn               (no ring)

@: no status effects
A: large, rugged brown scales 3, see invisible, deformed body, roll 1, armoured
tail
a: Rolling Charge, Renounce Religion, Berserk


You were on level 2 of the Dungeon.
You worshipped Trog.
Trog was aware of your devotion.
You visited 1 branch of the dungeon, and saw 2 of its levels.

You collected 52 gold pieces.

Inventory:

Armour
 a - a +0 animal skin (worn)
Scrolls
 c - a scroll of amnesia
Potions
 b - a potion of cancellation {unknown}
 d - a potion of ambrosia {unknown}
 e - a potion of lignification {unknown}
 f - a potion of might {unknown}
 g - a potion of brilliance {unknown}
 h - 2 potions of resistance {unknown}


   Skills:
 + Level 3.4 Fighting
 + Level 1.7 Armour
 + Level 1.8 Dodging
 + Level 3.4 Unarmed Combat


You had one spell level left.
You didn't know any spells.
Your spell library was empty.

Dungeon Overview and Level Annotations

Branches:
Dungeon (2/15)

Altars:

Shops:
D:2 =


Innate Abilities, Weirdness & Mutations

You are completely covered in rugged brown scales. (AC +3, +7% HP)
You have supernaturally acute eyesight. (SInv)
Armour fits poorly on your strangely shaped body.
You can roll at nearby foes to attack.
You have a long armoured tail.


Message History

You feel forgetful for a moment.
A rat comes into view.
You closely miss the rat. The rat closely misses you.
You closely miss the rat. You punch the rat.
You kill the rat!
Trog accepts your kill.
There is a stone staircase leading down here.
You climb downwards.
The gnoll shouts! x2
Found Zeriep's Jewellery Shop.
Found a stone staircase leading down and a stone staircase leading up.
There is a stone staircase leading up here.
The gnoll shouts!
The gnoll hits you from afar with a +0 spear.
You hit the gnoll.
Your tail-slap misses the gnoll.
The gnoll is lightly wounded.
The gnoll closely misses you. The gnoll barely misses you.
There is a stone staircase leading up here.
You barely miss the gnoll. You hit the gnoll.
The gnoll is moderately wounded.
The gnoll hits you but does no damage. The gnoll closely misses you.
The gnoll hits you with a +0 club.
You barely miss the gnoll.
Your tail-slap misses the gnoll.
The gnoll is moderately wounded.
The gnoll hits you with a +0 club. The gnoll closely misses you.
The gnoll hits you but does no damage.
You barely miss the gnoll.
The gnoll is moderately wounded.
The gnoll closely misses you. The gnoll hits you with a +0 club.
The gnoll hits you from afar with a +0 spear.
* * * LOW HITPOINT WARNING * * *
You barely miss the gnoll.
The gnoll is moderately wounded.
The gnoll barely misses you. x2
The gnoll hits you from afar with a +0 spear.
* * * LOW HITPOINT WARNING * * *
The gnoll hits you with a +0 club!
You die...

#.. .## # #..
..# ..## #.# ..#
..... #.##..#
.....##.....####
.#........#.....
.......gg.....#
#....gg@.#
#....∩.#.#
#..#.....#
#....#.#.#
###.#.#.#
..<...# #. #.###
#. #.#


You could see 4 gnolls.

Vanquished Creatures
  A dart slug (D:1)
  2 endoplasms (D:1)
  4 goblins (D:1)
  3 hobgoblins (D:1)
  3 kobolds (D:1)
  2 quokkas (D:1)
  2 ball pythons (D:1)
  2 bats (D:1)
  3 rats (D:1)
22 creatures vanquished.

Notes
Turn   | Place    | Note
-------+----------+-------------------------------------------
     0 | D:1      | RustandSilver the Palentonga Berserker began the quest for
                  | the Orb.
     0 | D:1      | Reached XP level 1. HP: 19/19 MP: 1/1
    45 | D:1      | Found a faded altar of an unknown god.
    68 | D:1      | Reached XP level 2. HP: 19/25 MP: 2/2
   884 | D:2      | Found Zeriep's Jewellery Shop.
   892 | D:2      | Slain by a gnoll

Illustrated notes

Levels and vault maps discovered:
D:1:      lightli_arrival_isolated_outpost, layout_basic,
          hellmonk_ecumenical_altar_lost_god
D:2:      layout_basic, serial_shops, nicolae_shop_trees, nicolae_shop_trees,
          shop, shop, nicolae_square_shop, uniq_jessica, uniq_terence

Action                   || total
-------------------------++-------
Melee: Unarmed           ||    72
       Tailslap          ||     2
       Punch             ||     1
Invok: Berserk           ||     1
 Abil: Rolling Charge    ||     3
  Use: Scroll            ||     1
Armor: Animal skin       ||    41
Dodge: Dodged            ||    62

Table legend: (Time is in decaauts)
 A = Elapsed time spent in this place.
 B = Non-inter-level travel time spent in this place.
 C = Inter-level travel time spent in this place.
 D = Time resting spent in this place.
 E = Time spent auto-exploring this place.
 F = Levels seen in this place.
 G = Mean time per level.
                   A        B        C        D        E       F      G
               +--------+--------+--------+--------+--------+-----+--------+
         Total |    903 |    903 |      0 |      0 |      0 |   2 |  451.5 |
       Dungeon |    903 |    903 |      0 |      0 |      0 |   2 |  451.5 |
               +--------+--------+--------+--------+--------+-----+--------+

Top non-repeatable levels by time:
     D:1: 896 daAuts
     D:2: 7 daAuts
